Map: World of Sleepers LE

Players

Mez - Winner!

  • Race: Terran Terran
  • League: Master
  • Spawn Location: 7:00

Alice

  • Race: Protoss Protoss
  • League: Diamond
  • Spawn Location: 1:00

VOD

Have the link to the VOD?

Description

Time

  • Played on: Aug. 21, 2019, 2:44 p.m.
  • Length: 11:48
Show
View Real Time Build Order
Export as new Build Order

Mez Terran - Winner!

Build Orders:  

Get SALT Encoding   

  12  0:01  SCV  
  13  0:13  SCV  
  14  0:17  Supply Depot  
  14  0:25  SCV  
  15  0:39  SCV  
  15  0:42  Barracks  
  16  0:46  Refinery  
  16  0:51  SCV  
  17  1:03  SCV  
  18  1:26  SCV  
  19  1:38  Marine  
  19  1:39  Orbital Command  
  20  1:42  Bunker  
  20  1:56  Marine  
  21  2:14  Marine  
  21  2:19  SCV  
  22  2:23  Factory  
  22  2:24  Supply Depot  
  22  2:31  Marine  
  23  2:43  SCV  
  23  2:49  Marine  
  22  2:55  SCV  
  23  3:07  SCV  
  23  3:09  Refinery  
  23  3:10  Starport  
  24  3:19  SCV  
  25  3:23  Factory Tech Lab  
  25  3:31  SCV  
  25  3:32  Barracks Reactor  
  26  3:39  Supply Depot  
  29  3:43  Siege Tank, SCV  
  30  3:55  SCV  
  30  3:56  Supply Depot  
  30  4:01  Viking  
  33  4:08  Marine  
  33  4:09  Marine  
  35  4:14  SCV  
  36  4:18  Supply Depot  
  36  4:20  Siege Tank  
  38  4:27  Marine x2  
  40  4:32  Viking  
  42  4:39  SCV  
  42  4:41  Supply Depot  
  43  4:47  Marine x2  
  45  5:01  SCV  
  46  5:13  SCV  
  46  5:19  Siege Tank  
  44  5:29  Marine  
  44  5:30  Marine  
  43  5:51  Siege Tank  
  37  6:05  SCV  
  37  6:06  Command Center  
  33  6:15  Starport Tech Lab  
  32  6:20  SCV  
  32  6:22  Command Center  
  33  6:31  Siege Tank  
  36  6:38  Raven  
  36  6:39  SCV  
  39  6:46  Marine x2  
  41  6:59  Barracks  
  41  7:01  Barracks  
  41  7:05  SCV  
  42  7:20  SCV  
  42  7:22  Orbital Command  
  43  7:32  SCV  
  43  7:36  Orbital Command  
  44  7:41  Refinery, Factory Reactor  
  44  7:44  SCV  
  44  7:45  Starport Reactor  
  44  7:51  Engineering Bay  
  45  7:52  SCV  
  45  7:56  SCV  
  44  7:59  Marauder x2, Marine x2  
  44  8:04  SCV  
  51  8:06  Bunker  
  51  8:08  SCV  
  49  8:17  Marine x2  
  50  8:20  Bunker  
  46  8:39  Viking  
  46  8:41  Medivac, Marine x2  
  50  8:48  SCV x3  
  50  9:01  Widow Mine x2  
  50  9:02  Marine x2  
  54  9:03  Marine  
  54  9:04  Marine  
  54  9:09  Stimpack  
  58  9:10  Combat Shield  
  58  9:14  Terran Infantry Weapons Level 1  
  56  9:35  Marine  
  56  9:36  Marauder x2, Medivac x2, Marine  
  56  9:38  Widow Mine x2  
  69  9:39  SCV x3  
  69  9:41  Refinery  
  72  9:48  Supply Depot  
  72  9:50  Supply Depot  
  72  9:51  SCV x2  
  74  9:53  Marine  
  74  9:59  SCV  
  76  10:00  Marine x3  
  76  10:03  SCV  
  80  10:09  SCV  
  80  10:11  SCV  
  82  10:24  Widow Mine x2  
  82  10:27  Medivac x2  
  90  10:28  Marauder, Marine x2  
  90  10:29  Marauder  
  90  10:33  Supply Depot  
  90  10:34  Barracks  
  94  10:35  Barracks  
  94  10:36  Supply Depot, Concussive Shells  
  94  11:00  Orbital Command  
  94  11:03  Marine x2  
  94  11:04  Marauder x2  
  98  11:05  Widow Mine x2, Medivac x2  
  98  11:06  SCV x2  
  108  11:21  SCV x2, Marine  
  100  11:33  SCV  
Show
View Real Time Build Order
Export as new Build Order

Alice Protoss 

Build Orders:  

Get SALT Encoding   

  12  0:01  Probe  
  13  0:13  Probe  
  14  0:20  Pylon  
  14  0:25  Probe  
  15  0:39  Forge  
  15  0:44  Probe  
  16  0:55  Pylon  
  16  1:15  Photon Cannon  
  16  1:30  Pylon  
  16  1:38  Photon Cannon  
  16  1:40  Pylon  
  16  1:50  Gateway  
  15  2:06  Photon Cannon  
  15  2:08  Photon Cannon  
  15  2:21  Probe  
  16  2:23  Assimilator  
  16  2:27  Gateway, Assimilator  
  16  2:29  Zealot  
  16  2:35  Probe  
  19  2:47  Probe  
  19  2:48  Cybernetics Core  
  20  2:59  Probe  
  21  3:10  Warp Gate  
  21  3:17  Probe  
  21  3:19  Stalker  
  21  3:24  Pylon  
  21  3:34  Probe  
  22  3:45  Pylon  
  22  3:46  Probe  
  22  3:47  Gateway  
  23  3:51  Stalker  
  25  3:58  Probe  
  26  4:06  Gateway  
  26  4:25  Probe  
  27  4:38  Robotics Facility  
  27  4:54  Shield Battery  
  27  5:05  Stalker x2  
  27  5:06  Stalker  
  33  5:19  Immortal  
  31  5:31  Stalker x2  
  31  5:35  Pylon  
  31  5:57  Stalker x3  
  33  6:17  Immortal  
  37  6:26  Sentry  
  39  6:36  Stalker  
  41  6:41  Stalker  
  43  6:50  Sentry  
  45  6:56  Warp Prism  
  47  7:07  Pylon  
  47  7:22  Pylon  
  29  8:55  Probe  
  30  9:02  Twilight Council  
  30  9:03  Stalker  
  30  9:04  Gateway, Nexus, Stalker x2  
  30  9:06  Gateway  
  30  9:09  Gateway  
  36  9:12  Gateway  
  36  9:30  Charge  
  36  9:38  Zealot x3  
  42  9:42  Observer  
  43  10:08  Immortal  
  47  10:30  Zealot x3  
  53  10:53  Zealot x3  
  51  11:15  Zealot x2  
  51  11:16  Zealot  
Tags
 
Add a new tag
Caveats
  • Supply blocks, unpowered buildings, or Contaminate may cause inaccurate times.
  • Supply counts are checked every 10 seconds.